 Dungeon Crawl Stone Soup version 0.23.0-38-g208d714 (webtiles) character file.

Game seed: 18164575343302875262

43 Borgoz the Sneak (level 3, -2/20 HPs)
             Began as a Kobold Enchanter on Feb 27, 2019.
             Slain by a gnoll
             ... wielding a +0 club
              (3 damage)
             ... on level 2 of the Dungeon.
             The game lasted 00:04:33 (2432 turns).

Borgoz the Sneak (Kobold Enchanter)                 Turns: 2432, Time: 00:04:34

Health: -2/20      AC:  2    Str:  3    XL:     3   Next: 82%
Magic:  15/15      EV: 16    Int: 18    God:
Gold:   83         SH:  0    Dex: 19    Spells: 4/7 levels left

rFire    . . .     SeeInvis .   a - +1 dagger
rCold    . . .     Gourm    .   (shield restricted)
rNeg     . . .     Faith    .   b - +0 robe
rPois    .         Spirit   .   (no helmet)
rElec    .         Reflect  .   (no cloak)
rCorr    .         Harm     .   (no gloves)
MR       .....     Clarity  +   (no boots)
Stlth    +++.......             (no amulet)
HPRegen  0.06/turn              g - ring of magical power
MPRegen  0.14/turn              k - +3 ring of dexterity

@: no status effects
A: small, carnivore, clarity, clever 1, weak 1
a: no special abilities


You were on level 2 of the Dungeon.
You were very full.

You visited 1 branch of the dungeon, and saw 2 of its levels.

You collected 83 gold pieces.

Inventory:

Hand Weapons
 a - a +1 dagger (weapon)
 m - a +0 antimagic dagger
Missiles
 e - 15 poisoned needles
Armour
 b - a +0 robe (worn)
Jewellery
 g - a ring of magical power (left hand)
 k - a +3 ring of dexterity (right hand)
Scrolls
 j - 2 scrolls of remove curse {unknown}
 l - a scroll of identify {unknown}
Potions
 c - a potion of curing
Comestibles
 d - 3 rations


   Skills:
 * Level 1.4 Fighting
 + Level 1.7 Short Blades
 + Level 0.6 Armour
 * Level 3.1 Dodging
 + Level 4.0 Stealth
 + Level 2.5 Spellcasting
 + Level 3.1 Hexes


You had 4 spell levels left.
You knew the following spells:

 Your Spells              Type           Power        Failure   Level  Hunger
a - Corona                Hex            ##.....      4%          1    #......
b - Ensorcelled Hibernat  Hex/Ice        #.....       14%         2    ##.....

Your spell library contained the following spells:

 Spells                   Type           Power        Failure   Level  Hunger
 Confuse                  Hex            ##......     14%         3    ###....
 Tukima's Dance           Hex            ##......     14%         3    ###....
 Dazzling Spray           Conj/Hex       #.....       26%         3    ###....


Dungeon Overview and Level Annotations

Branches:
Dungeon (2/15)

Altars:


Innate Abilities, Weirdness & Mutations

You are small and have problems with some larger weapons.
You are carnivorous and can eat meat at any time.
You possess an exceptional clarity of mind.
Your mind is acute. (Int +2)
You are weak. (Str -2)


Message History

It was a scroll of noise.
You hear a shout! x11
The jackal bites you.
* * * LOW HITPOINT WARNING * * *
The kobold hits you but does no damage.
Unknown command.
It was a potion of mutation.
You feel extremely strange.
You feel weaker.
Your thoughts seem clearer.
You feel clever. The jackal barely misses you. The jackal bites you.
* * * LOW HITPOINT WARNING * * *
The kobold hits you with a +0 short sword.
* * * LOW HITPOINT WARNING * * *
You struggle against the net.
The jackal bites you but does no damage.
The kobold completely misses you.
Unknown command.
You rip the net and break free!
The jackal closely misses you.
A gnoll comes into view.
The gnoll hits you with a +0 club.
You die...

.. ..
.####.##.###..
....... ...#..
#....# ...=..
#<...# ....#
#g..###.....
#.......# .#
#g##....#...#
#.@h.)......#
.....g..K..........
##.#.#...........##
.................
###.#.#####+###..#
#.#.. .. # #.. . ..


You could see 3 gnolls, a jackal and a kobold.

Vanquished Creatures
  An ooze (D:1)
  4 dart slugs (D:1)
  A leopard gecko (D:1)
  2 giant cockroaches (D:1)
  2 goblins (D:1)
  3 hobgoblins (D:1)
  6 jackals (D:1)
  2 bats (D:1)
  A frilled lizard (D:2)
  2 kobolds (D:1)
  3 rats (D:1)
27 creatures vanquished.

Notes
Turn   | Place    | Note
-------+----------+-------------------------------------------
     0 | D:1      | Borgoz the Kobold Enchanter began the quest for the Orb.
     0 | D:1      | Reached XP level 1. HP: 10/10 MP: 3/3
    44 | D:1      | Reached XP level 2. HP: 5/16 MP: 3/5
    51 | D:1      | Learned a level 2 spell: Ensorcelled Hibernation
   411 | D:1      | Reached skill level 1 in Fighting
   593 | D:1      | Reached XP level 3. HP: 18/20 MP: 4/6
  2430 | D:2      | Gained mutation: You are weak. (Str -2) [potion of
                  | mutation]
  2430 | D:2      | Gained mutation: You possess an exceptional clarity of
                  | mind. [potion of mutation]
  2430 | D:2      | Gained mutation: Your mind is acute. (Int +2) [potion of
                  | mutation]
  2430 | D:2      | HP: 1/20 [kobold/+0 short sword (2)]
  2432 | D:2      | Slain by a gnoll

Skill      XL: |  1  2  3 |
---------------+----------+-----
Fighting       | 1 |  1.4
Dodging        | 3 |  3.1
Short Blades   | |  1.7
Armour         | |  0.6
Stealth        | |  4.0
Spellcasting   | |  2.5
Hexes          | |  3.1

Action                   || total
-------------------------++-------
Melee: Dagger            ||   168
 Cast: Corona            ||    15
       Ensorcelled Hiber ||    18
  Use: Scroll            ||     1
       Potion            ||     1
 Stab: Sleeping          ||     8
  Eat: Chunk             ||    13
Armor: Robe              ||    28
Dodge: Dodged            ||   192
